 Dungeon Crawl Stone Soup version 0.31.0-12-g77e489cdc1 (webtiles) character file.

Game seed: 6753994083940462093

272 KennySheep the Chopper (level 6, -6/51 HPs)
             Began as a Hill Orc Monk on Mar 2, 2024.
             Mangled by Duvessa
             ... wielding a +0 short sword
              (12 damage)
             ... on level 4 of the Dungeon.
             The game lasted 00:03:46 (2549 turns).

KennySheep the Chopper (Hill Orc Monk)              Turns: 2549, Time: 00:03:47

Health: -6/51      AC:  6    Str: 16    XL:     6   Next: 23%
Magic:  6/6        EV: 10    Int: 10    God:
Gold:   146        SH:  0    Dex: 13    Spells: 5/5 levels left

rFire   . . .        a - +0 hand axe
rCold   . . .        d - orb {light}
rNeg    . . .        e - +0 scale mail
rPois   .            (no helmet)
rElec   .            (no cloak)
rCorr   .            (no gloves)
SInv    .            (no boots)
Will    .....        (no amulet) Stlth
                     (no ring)
HPRegen 0.28/turn    (no ring)
MPRegen 0.10/turn

%: no passive effects
@: glowing
A: no striking features
a: no special abilities


You were on level 4 of the Dungeon.
You visited 1 branch of the dungeon, and saw 4 of its levels.

You collected 146 gold pieces.

Inventory:

Hand Weapons
 a - a +0 hand axe (weapon)
Armour
 b - a +0 robe
 d - an orb of light (worn)
 e - a +0 scale mail (worn)
Jewellery
 n - a ring of see invisible
Scrolls
 g - 4 scrolls of identify
 l - a scroll of amnesia
 o - a scroll of brand weapon {unknown}
 p - a scroll of silence {unknown}
 q - a scroll of immolation {unknown}
 r - a scroll of vulnerability {unknown}
Potions
 c - a potion of ambrosia
 f - 2 potions of heal wounds {unknown}
 h - 2 potions of degeneration {unknown}
 i - 3 potions of attraction {unknown}
 j - a potion of resistance {unknown}
 k - a potion of haste {unknown}


   Skills:
 - Level 3.6 Fighting
 * Level 7.8 Axes
 + Level 3.3 Armour
 - Level 2.4 Dodging


You had 5 spell levels left.
You didn't know any spells.
Your spell library was empty.

Dungeon Overview and Level Annotations

Branches:
Dungeon (4/15)
 Temple: D:4-7

Altars:

Shops:
D:2 [

Annotations:
D:4 Duvessa


Message History

Dowan is heavily wounded.
You hit Duvessa but do no damage. Dowan barely misses you.
Duvessa hits you with a +0 short sword.
You hit Dowan.
Dowan is severely wounded.
You hit Duvessa. You slash Dowan!
Dowan is almost dead.
You hit Duvessa but do no damage. Duvessa barely misses you.
Dowan gestures at you while chanting. The puff of flame misses you.
You hit Dowan.
You kill Dowan!
Duvessa weeps, and shakes her weapon.
Duvessa goes berserk!
You hit Duvessa but do no damage. Duvessa barely misses you.
Duvessa hits you with a +0 short sword.
You hit Duvessa.
Duvessa is lightly wounded.
Duvessa barely misses you.
You hit Duvessa but do no damage.
Duvessa is lightly wounded.
Duvessa hits you with a +0 short sword.
You hit Duvessa.
Duvessa is lightly wounded.
Duvessa hits you with a +0 short sword. Duvessa hits you with a +0 short sword!
* * * LOW HITPOINT WARNING * * *
You hit Duvessa but do no damage.
Duvessa is lightly wounded.
Duvessa hits you but does no damage.
Okay, then.
As you read the scroll labelled IPTIGA KOEGIFF, it crumbles to dust.
It is a scroll of identify.
l - a scroll of amnesia Duvessa hits you with a +0 short sword.
* * * LOW HITPOINT WARNING * * *
Duvessa hits you with a +0 short sword.
* * * LOW HITPOINT WARNING * * *
As you read the scroll labelled GOADET TIJA, it dissolves into smoke.
It was a scroll of fog.
Duvessa hits you with a +0 short sword!
You die...

#......# #......
##...... #......###
.## #....$...##
...##..§.§..>.#
........e§#§.###
.......§§@§....##
.......§#§§#...(#
#......§##§...##
#<.....###.....#
...#....†##...#..
#....#.....## #
.....###......#
#.........#...#
#####....##...##..#


You could see Duvessa (berserk).

Vanquished Creatures
  Dowan (D:4)
  Jessica (D:3)
  Natasha (thrice) (D:3)
  3 adders
  2 ribbon worms (D:2)
  3 dart slugs
  5 orcs (D:3)
  4 ball pythons
  5 bats
  5 endoplasms
  6 giant cockroaches
  12 goblins
  3 hobgoblins
  7 jackals
  9 kobolds
  A quokka (D:3)
  7 frilled lizards
  8 rats
85 creatures vanquished.

Notes
Turn   | Place    | Note
-------+----------+-------------------------------------------
     0 | D:1      | KennySheep the Hill Orc Monk began the quest for the Orb.
     0 | D:1      | Reached XP level 1. HP: 19/19 MP: 1/1
    20 | D:1      | Reached XP level 2. HP: 14/26 MP: 2/2
   178 | D:1      | Reached skill level 5 in Axes
   319 | D:1      | Reached XP level 3. HP: 23/31 MP: 3/3
   370 | D:1      | Reached skill level 1 in Armour
   873 | D:2      | Found Zexum's Antique Armour Shop.
   929 | D:2      | Reached skill level 6 in Axes
   929 | D:2      | Reached XP level 4. HP: 38/39 MP: 4/4
  1806 | D:3      | Noticed Natasha
  1827 | D:3      | Killed Natasha
  1828 | D:3      | Reached XP level 5. HP: 12/45 MP: 5/5
  2061 | D:3      | Noticed Jessica
  2067 | D:3      | Killed Jessica
  2068 | D:3      | Reached skill level 7 in Axes
  2127 | D:3      | Noticed Natasha
  2134 | D:3      | Killed Natasha
  2338 | D:3      | Noticed Natasha
  2346 | D:3      | Killed Natasha
  2469 | D:4      | Noticed a lemure
  2469 | D:4      | Noticed a lemure
  2529 | D:4      | Reached XP level 6. HP: 51/51 MP: 6/6
  2532 | D:4      | Noticed Dowan
  2534 | D:4      | Noticed Duvessa
  2543 | D:4      | Killed Dowan
  2549 | D:4      | Mangled by Duvessa

Illustrated notes

Levels and vault maps discovered:
D:1:      amcnicky_arrival_blooded_trapdoor, layout_rooms, st_stairs_6,
          hangedman_feature_mirror, minmay_fountain_box, minmay_cupped
D:2:      layout_basic, serial_shops, nicolae_lakefront_shop,
          kennysheep_generic_room_16
D:3:      layout_loops_cross, minmay_increasing_density, uniq_natasha,
          uniq_jessica
D:4:      layout_cave_pools, uniq_duvessa, uniq_pikel

Skill      XL: |  1  2  3  4  5 |
---------------+----------------+-----
Axes           | 5 6 7 |  7.8
Armour         | 1 2 3 |  3.3
Fighting       | |  3.6
Dodging        | |  2.4

Action                     |  1- 3 |  4- 6 || total
---------------------------+-------+-------++-------
  Melee: Hand axe          |    94 |   137 ||   231
    Use: Scroll            |       |     2 ||     2
   Stab: Held in net/web   |       |     1 ||     1
 Armour: Robe              |    10 |       ||    10
         Scale mail        |    66 |    88 ||   154
  Dodge: Dodged            |    45 |    58 ||   103
